 Dungeon Crawl Stone Soup version 0.27.1-3-gb3d3a73c9e (webtiles) character file.

Game seed: 17677695929210126051

53 Mesmaeker13 the Vexing (level 3, -1/14 HPs)
             Began as a Felid Enchanter on Oct 5, 2021.
             Slain by a worm (12 damage)
             ... on level 3 of the Dungeon.
             The game lasted 00:03:40 (3114 turns).

Mesmaeker13 the Vexing (Felid Enchanter)            Turns: 3114, Time: 00:03:41

Health: -1/14      AC:  1    Str:  5    XL:     3   Next: 62%
Magic:  7/7        EV: 18    Int: 16    God:
Gold:   52         SH:  0    Dex: 16    Spells: 2/6 levels left
                                        Lives:  0   Deaths: 0

rFire    . . .     SeeInvis +     - Unarmed
rCold    . . .     Faith    .   (shield unavailable)
rNeg     . . .     Spirit   .   (armour unavailable)
rPois    .         Reflect  .   (helmet unavailable)
rElec    .         Harm     .   (cloak unavailable)
rCorr    .         Rampage  .   (gloves unavailable)
Will     .....                  (boots unavailable)
Stlth    +++.......             (no amulet)
HPRegen  0.04/turn              (no ring)
MPRegen  0.10/turn              (no ring)

@: quick
A: very small, claws 1, fangs 3, see invisible, speed 1, shaggy fur 1, stealthy
paws, no weapons or thrown items, no armour, multi-lived
a: no special abilities


You were on level 3 of the Dungeon.
You visited 1 branch of the dungeon, and saw 3 of its levels.

You collected 52 gold pieces.

Inventory:

Scrolls
 a - a scroll of amnesia {unknown}
 b - a scroll of enchant armour {unknown}
 d - a scroll of teleportation {unknown}
 e - a scroll of fear {unknown}
 g - 2 scrolls of identify {unknown}
 h - a scroll of immolation {unknown}
Potions
 c - a potion of degeneration {unknown}
 f - a potion of berserk rage {unknown}
 i - a potion of haste {unknown}


   Skills:
 + Level 3.5 Dodging
 + Level 4.7 Stealth
 + Level 2.0 Unarmed Combat
 - Level 2.0 Spellcasting
 + Level 5.0 Hexes


You had 2 spell levels left.
You knew the following spells:

 Your Spells              Type           Power      Damage    Failure   Level
a - Corona                Hex            18%        N/A       2%          1
b - Confusing Touch       Hex            17%        N/A       8%          3

Your spell library contained the following spells:

 Spells                   Type           Power      Damage    Failure   Level
 Ensorcelled Hibernation  Hex/Ice        18%        N/A       11%         2
 Tukima's Dance           Hex            17%        N/A       8%          3
 Dazzling Flash           Conj/Hex       18%        N/A       22%         3
 Call Canine Familiar     Summ           1%         N/A       52%         3
 Gell's Gravitas          Tloc           0%         N/A       52%         3
 Lesser Beckoning         Tloc           0%         N/A       52%         3
 Teleport Other           Tloc           1%         N/A       52%         3
 Leda's Liquefaction      Hex/Erth       4%         N/A       58%         4
 Portal Projectile        Hex/Tloc       Unusable   N/A       N/A         3

Dungeon Overview and Level Annotations

Branches:
Dungeon (3/15)

Altars:
Ru
Trog


Innate Abilities, Weirdness & Mutations

You have sharp claws.
You have razor-sharp teeth.
You have supernaturally acute eyesight. (SInv)
You cover ground quickly. (Speed+)
You are covered in fur. (AC +1)
Your paws help you pounce on unaware monsters.
You are incapable of wielding weapons or throwing items.
You cannot wear armour.
You gain extra lives every three experience levels.


Message History

There is a stone staircase leading up here.
You open the door.
A moth of wrath comes into view.
There is an open door here.
A rat and 3 worms come into view.
Found a bloodstained altar of Trog.
A rat comes into view.
Found a mace and a runed dagger.
The moth of wrath's fur bristles in rage as it notices you.
There is an open door here.
There is an open door here.
There is an open door here.
You start waiting.
A worm is nearby!
You scratch the worm.
The worm is lightly wounded.
You scratch the worm.
The worm is heavily wounded.
The worm bites you.
You scratch the worm. You bite the worm.
The worm is heavily wounded.
You scratch the worm but do no damage.
The worm is heavily wounded.
The worm misses you.
You scratch the worm.
The worm is severely wounded.
You scratch the worm.
The worm is almost dead.
The worm barely misses you.
You scratch the worm.
You kill the worm!
Your Unarmed Combat skill increases to level 2!
The worm bites you.
You scratch the worm. You bite the worm.
The worm is moderately wounded.
You scratch the worm but do no damage.
The worm is moderately wounded.
The worm bites you!
Ouch! That really hurt!
You die...

#..............#.#............
#................#............
####...........###......##....
#...........#.'......#
####...........#.#......#
#..................#...(..
#................###.......
#..................#.......
#............@w†..##.......
#.......#...####.## .....
#.......#...####'####
#..........##...w...##
#.........##.........#
#........<#...........#
#.........#....###....#
#.........#...##y##...#
####......#....###....#


You could see a worm.

Vanquished Creatures
  A worm (D:3)
  A dart slug (D:3)
  4 orcs
  A ball python (D:2)
  3 endoplasms (D:2)
  3 hobgoblins
  3 jackals (D:1)
  5 kobolds
  2 quokkas
  5 bats
  4 frilled lizards
  4 goblins (D:2)
  3 rats
39 creatures vanquished.

Vanquished Creatures (others)
  A fungus (D:2)
1 creature vanquished.

Grand Total: 40 creatures vanquished

Notes
Turn   | Place    | Note
-------+----------+-------------------------------------------
     0 | D:1      | Mesmaeker13 the Felid Enchanter began the quest for the
                  | Orb.
     0 | D:1      | Reached XP level 1. HP: 7/7 MP: 4/4
     1 | D:1      | Noticed an electric eel
   764 | D:1      | Reached XP level 2. HP: 11/11 MP: 6/6
  1567 | D:2      | Found a sacrificial altar of Ru.
  1625 | D:2      | Reached XP level 3. HP: 12/14 MP: 7/7
  1938 | D:2      | Found a faded altar of an unknown god.
  2447 | D:3      | Reached skill level 5 in Hexes
  2793 | D:2      | Learned a level 3 spell: Confusing Touch
  3073 | D:3      | Noticed a moth of wrath
  3075 | D:3      | Found a bloodstained altar of Trog.
  3114 | D:3      | Slain by a worm

Illustrated notes

Levels and vault maps discovered:
D:1:      arrival_aquarium_a, layout_loops_ring
D:2:      layout_rooms, basic_altar, shapermc_ecumenical_altar_mp_urbaneastern
D:3:      layout_basic, pdpol_temple_overflow_zin_treasury_gozag_greed, tgw_trog

Skill      XL: |  1  2  3 |
---------------+----------+-----
Dodging        | 3 |  3.5
Hexes          | 5 |  5.0
Unarmed Combat | 2 |  2.0
Stealth        | |  4.7
Spellcasting   | |  2.0

Action                   || total
-------------------------++-------
Melee: Unarmed           ||   130
       Bite              ||     9
       Punch             ||     1
 Cast: Corona            ||     2
       Confusing Touch   ||     1
 Stab: Sleeping          ||     9
       Distracted        ||     1
Armor: Skin              ||     7
Dodge: Dodged            ||   102
